 Dungeon Crawl Stone Soup version 0.13.1-28-g3517093 (console) character file.

966 Revolution the Skirmisher (level 7, -5/111 HPs)
             Began as an Ogre Berserker on Mar 3, 2014.
             Was a Believer of Trog.
             Slain by a wight
             ... wielding a +3,+1 halberd
              (12 damage)
             ... on Level 7 of the Dungeon.
             The game lasted 00:09:40 (1257 turns).

Revolution the Skirmisher (Ogre Berserker)          Turns: 1257, Time: 00:09:41

HP  -5/111       AC  3     Str 28      XL: 7   Next: 97%
MP   6/6         EV 11     Int  8      God: Trog [**....]
Gold 136         SH  0     Dex  9      Spells:  0 memorised,  6 levels left

Res.Fire  : . . .   See Invis. : .   m - +0,+2 great mace (crush)
Res.Cold  : . . .   Warding    : .   b - +0 animal skin
Life Prot.: . . .   Conserve   : .   (shield restricted)
Res.Poison: .       Res.Corr.  : .   (helmet restricted)
Res.Elec. : .       Clarity    : .   (no cloak)
Sust.Abil.: . .     Spirit.Shd : .   (gloves unavailable)
Res.Mut.  : .       Stasis     : .   (boots unavailable)
Res.Rott. : .       Flight     : .   (no amulet)
Saprovore : + . .                    (no ring)
                                     (no ring)

@: regenerating (expiring), berserking, heavily drained, very quick, very
resistant to hostile enchantments, extremely unstealthy
A: unfitting armour, fast metabolism 1, saprovore 1, tough skin 1
a: Burn Spellbooks, Berserk, Trog's Hand, Renounce Religion


You were on level 7 of the Dungeon.
You worshipped Trog.
Trog was pleased with you.
You were not hungry.

You visited 1 branch of the dungeon, and saw 7 of its levels.

You collected 116 gold pieces.

Inventory:

Hand weapons
 m - a +0,+2 great mace of crushing (weapon)
Armour
 b - a +0 animal skin (worn)
Magical devices
 f - a wand of fireball (7) {unknown}
 n - a wand of draining (8) {unknown}
Comestibles
 c - 4 meat rations
 s - a bread ration
Scrolls
 o - a scroll of magic mapping {unknown}
 p - a scroll of fog {unknown}
 u - a scroll of identify {unknown}
Jewellery
 j - an uncursed amulet of rage {unknown}
Potions
 d - a potion of agility {unknown}
 g - a potion of flight {unknown}
 i - a potion of heal wounds {unknown}
 k - a potion of invisibility {unknown}
 l - 2 potions of speed {unknown}
 q - a potion of curing {unknown}
 r - a potion of confusion {unknown}


   Skills:
 + Level 6.9(5.4) Fighting
 + Level 6.7(5.2) Maces & Flails
 * Level 6.4(4.9) Dodging


You had 6 spell levels left.
You didn't know any spells.

Dungeon Overview and Level Annotations

Branches:
Dungeon (7/27)
 Temple: D:4-7          Orc: D:6-11

Altars:
Nemelex Xobeh
the Shining One


Innate Abilities, Weirdness & Mutations

You are too large for most types of armour.
You have a fast metabolism.
You can tolerate rotten meat.
You have tough skin (AC +1).


Message History

* * * LOW HITPOINT WARNING * * *
The wight hits you from afar with a halberd!
* * * LOW HITPOINT WARNING * * *
You feel drained.
* * * LOW HITPOINT WARNING * * *
You barely miss the wight.
The wight is severely damaged.
Your skin is crawling a little less now.
The wight closely misses you.
You closely miss the wight.
The wight is severely damaged.
The wight hits you from afar with a halberd!
* * * LOW HITPOINT WARNING * * *
You feel drained.
* * * LOW HITPOINT WARNING * * *
The wight barely misses you.
You completely miss the wight.
The wight is severely damaged.
The wight hits you from afar with a halberd!
You die...

. #. #.### #.#..
#.#.# #####
#.#.# #...# #
#z#.# #.#.#.#
#.##z#.###.#.#.#
#...>@..)......#
#..#.#..[..#<#.#
.........#######
. ........
.....#...##
#+#.....#
###...# #...# .
.


You could see 2 wights.

Vanquished Creatures
  Menkaure (D:6)
  An orc warrior (D:6)
  2 wights (D:7)
  A hippogriff skeleton (D:5)
  A centaur zombie (D:5)
  2 orc priests
  A black bear zombie (D:5)
  2 hounds
  2 orc wizards
  Terence (D:2)
  A hound skeleton (D:5)
  2 adders
  A worm zombie (D:5)
  An adder zombie (D:5)
  A giant gecko (D:3)
  2 oozes
  21 orcs
  A bat zombie (D:5)
  4 giant cockroaches
  5 goblins
  2 hobgoblins
  3 jackals (D:2)
  5 kobolds
  A quokka (D:3)
  A bat (D:2)
  A giant spore (D:6)
  A jackal skeleton (D:4)
  An orc zombie (D:5)
  A quokka zombie (D:5)
  3 rats
  A rat skeleton (D:6)
  A rat zombie (D:5)
  A ballistomycete (D:6)
75 creatures vanquished.

Notes
Turn   | Place    | Note
--------------------------------------------------------------
     0 | D:1      | Revolution, the Ogre Berserker, began the quest for the Orb.
     0 | D:1      | Reached XP level 1. HP: 23/23 MP: 0/0
    57 | D:2      | Noticed Terence
    69 | D:2      | Killed Terence
    69 | D:2      | Reached XP level 2. HP: 26/32 MP: 1/1
   155 | D:3      | Reached XP level 3. HP: 10/39 MP: 2/2
   204 | D:3      | Acquired Trog's second power
   206 | D:3      | HP: 1/58 [ooze (2)]
   364 | D:5      | Entered Level 5 of the Dungeon
   398 | D:5      | Reached XP level 4. HP: 25/48 MP: 3/3
   423 | D:5      | Reached XP level 5. HP: 22/55 MP: 4/4
   482 | D:5      | Reached skill level 5 in Fighting
   509 | D:5      | Reached skill level 5 in Maces & Flails
   610 | D:4      | Reached XP level 6. HP: 10/65 MP: 5/5
   684 | D:5      | Reached skill level 5 in Dodging
   850 | D:6      | Reached skill level 6 in Fighting
   850 | D:6      | Reached XP level 7. HP: 44/72 MP: 6/6
   889 | D:6      | Found a sparkling altar of Nemelex Xobeh.
   899 | D:6      | Found a glowing golden altar of the Shining One.
  1095 | D:6      | Noticed Menkaure
  1108 | D:6      | Killed Menkaure
  1257 | D:7      | Slain by a wight

Action                   |  1- 3 |  4- 6 |  7- 9 || total
-------------------------+-------+-------+-------++-------
Melee: Mace              |    41 |       |       ||    41
       Flail             |    32 |    90 |    53 ||   175
       Great mace        |       |       |     4 ||     4
Invok: Berserk           |     3 |     5 |     3 ||    11
       Trog's Hand       |     3 |     5 |     6 ||    14
  Use: Scroll            |       |       |     1 ||     1
